Map: Lerilak Crest

Players

MaSa

  • Race: Terran Terran

JonSnow (Nina)

  • Race: Terran Terran

Kelazhur (JonSnow)

  • Race: Zerg Zerg

lIlIlIlIlI

  • Race: Zerg Zerg

Event: Team Gravity's Fight Night #13

VOD

https://www.youtube.com/watch?v=8zqqsS00DPA&list=PL_BOlLcv8KbhFbvTakl6AYJq-DW01oMw_

Description

Time

  • Played on: April 5, 2015, 7:25 p.m.
  • Length: 6:34

All games in this series

Show
View Real Time Build Order
Export as new Build Order

MaSa Terran 

Build Orders: Hellion Opening, Reaper Expand 

Get SALT Encoding   

  12  0:00  SCV  
  13  0:13  SCV  
  14  0:17  Supply Depot  
  14  0:25  SCV  
  15  0:38  SCV  
  15  0:40  Barracks  
  16  0:47  Refinery  
  16  0:51  SCV  
  17  1:03  SCV  
  18  1:15  SCV  
  19  1:27  Orbital Command  
  19  1:31  Reaper  
  20  1:37  Command Center  
  20  1:43  Refinery  
  20  1:52  SCV  
  21  2:04  SCV  
  21  2:08  Factory  
  22  2:17  Barracks Reactor  
  22  2:18  SCV  
  22  2:22  Supply Depot  
  23  2:44  SCV  
  24  2:46  Factory  
  24  2:51  Orbital Command  
  24  2:56  SCV  
  25  3:01  Hellion x2  
  25  3:05  Supply Depot  
  29  3:06  Barracks Tech Lab  
  29  3:08  SCV  
  30  3:17  SCV  
  31  3:20  SCV  
  31  3:22  Hellion  
  31  3:23  Hellion  
  36  3:29  SCV  
  36  3:32  SCV  
  38  3:39  Infernal Pre-Igniter  
  38  3:40  Hellion  
  40  3:44  Hellion x2  
  43  3:50  Supply Depot, SCV  
  43  3:53  SCV  
  45  4:02  SCV  
  46  4:05  Armory, Hellion x2  
  46  4:06  SCV  
  51  4:12  Supply Depot  
  51  4:14  SCV, Hellion  
  54  4:18  SCV  
  55  4:25  Engineering Bay  
  55  4:26  SCV  
  55  4:27  Supply Depot, Hellion  
  58  4:32  Hellion  
  60  4:39  SCV, Hellion  
  60  4:41  SCV  
  60  4:43  Supply Depot  
  64  4:46  Refinery  
  64  4:50  Refinery  
  64  4:52  Barracks Reactor, Starport  
  64  5:05  Hellion x2  
  64  5:06  SCV x2  
  70  5:14  Thor  
  70  5:20  SCV  
  75  5:27  Hellion x2  
  65  5:30  Marine, Starport Tech Lab  
  65  5:31  Marine  
  63  5:37  SCV  
  33  6:06  SCV  
Show
View Real Time Build Order
Export as new Build Order

JonSnow Terran 

Build Orders:  

Get SALT Encoding   

  12  0:01  Drone  
  13  0:13  Overlord  
  13  0:17  Drone  
  14  0:32  Drone x2  
  16  0:36  Drone  
  17  0:56  Hatchery  
  16  1:03  Drone  
  17  1:06  Extractor  
  16  1:12  Drone, Spawning Pool  
  16  1:16  Drone  
  17  1:19  Drone  
  18  1:29  Overlord  
  19  1:40  Drone  
  19  2:01  Queen  
  21  2:06  Zergling x2  
  21  2:07  Queen, Zergling x2  
  25  2:08  Metabolic Boost  
  25  2:13  Overlord  
  25  2:20  Drone x2  
  28  2:22  Drone  
  28  2:30  Drone  
  28  2:34  Drone  
  30  2:43  Drone, Queen  
  34  2:44  Drone  
  33  2:51  Drone  
  33  2:55  Drone  
  35  3:06  Drone x2  
  35  3:11  Drone x4  
  41  3:13  Drone  
  41  3:17  Overlord x3, Zergling x2  
  43  3:26  Lair  
  43  3:27  Extractor  
  43  3:28  Drone, Extractor  
  43  3:30  Extractor  
  41  3:38  Drone x2  
  41  3:39  Drone  
  44  3:42  Roach Warren, Drone  
  44  3:50  Drone x4  
  47  3:59  Drone x4  
  51  4:06  Overlord  
  51  4:13  Overlord  
  51  4:14  Overlord  
  51  4:24  Glial Reconstitution  
  51  4:28  Roach x3  
  51  4:29  Roach  
  51  4:30  Nydus Network  
  58  4:34  Roach x2  
  62  4:40  Roach x2  
  62  4:43  Roach  
  62  4:44  Roach  
  70  4:51  Roach x2, Zergling x2  
  75  5:09  Nydus Canal  
  75  5:10  Roach x2  
  75  5:11  Roach, Zergling x8  
  83  5:21  Roach x3  
  83  5:25  Roach  
  83  5:26  Roach  
  84  5:31  Roach  
  86  5:39  Roach x2  
  86  5:40  Ravager  
  85  5:48  Roach  
  82  5:53  Ravager  
  82  5:54  Roach  
  85  6:01  Drone  
  80  6:05  Nydus Canal  
  78  6:12  Roach x3  
Show
View Real Time Build Order
Export as new Build Order

Kelazhur Zerg 

Build Orders:  

Get SALT Encoding   

Show
View Real Time Build Order
Export as new Build Order

lIlIlIlIlI Zerg 

Build Orders:  

Get SALT Encoding   


Tags
 
Add a new tag
Caveats
  • Supply blocks, unpowered buildings, or Contaminate may cause inaccurate times.
  • Supply counts are checked every 10 seconds.